 Dungeon Sprint DCSS version 0.21.1-1-g345015f (webtiles) character file.

97555 sanboga the Executioner (level 16, -4/163 HPs)
             Began as a Gargoyle Monk on Mar 19, 2018.
             Was the Champion of Trog.
             Slain by a two-headed ogre
             ... wielding a +0 giant club
              (32 damage)
             ... in the Dungeon (Sprint V: "Ziggurat Sprint") on Mar 20, 2018.
             The game lasted 00:20:21 (1880 turns).

sanboga the Executioner (Gargoyle Monk)             Turns: 1880, Time: 00:20:21

Health: -4/163     AC: 54    Str: 30    XL:     16   Next: 19%
Magic:  16/16      EV:  5    Int: 17    God:    Trog [******]
Gold:   0          SH: 35    Dex: 13    Spells: 15/15 levels left

rFire    + + .     SeeInvis +   C - +14 obsidian axe {chop, +Fly SInv *Curse} (curse)
rCold    + + .     Gourm    .   E - +18 shield of the Gong {rElec rN+ MR+ EV-5}
rNeg     + + +     Faith    .   D - +15 Maxwell's patent armour {-Cast -Tele rElec MR+ rCorr}
rPois    ∞         Spirit   .   (helmet restricted)
rElec    +         Reflect  .   L - +1 cloak {MR+}
rCorr    +         Harm     .   K - +3 pair of gloves of the Solstice {*Slow rC+ rN+ Str+3}
MR       ++++.     NoTele   +   (no boots) Stlth ..........NoCast +
                                b - amulet of Gagurhal {rF+ rC+ Regen+ Dex+3}
HPRegen  0.77/turn              u - ring of fire
MPRegen  0.15/turn              t - ring of Lies {rC+ Str+2 Int+4 Dex-2}

@: berserking, mesmerised, slowed
A: big wings, horns 1, frail 1, negative energy resistance 1, electricity
resistance, unbreathing, petrification resistance, rot immunity, AC +12
a: Fly, Berserk, Trog's Hand, Brothers in Arms, Burn Spellbooks, Renounce
Religion, Evoke Flight


You were in the Dungeon.
You worshipped Trog.
Trog was exalted by your worship.
You were not hungry.

You visited 1 branch

Inventory:

Hand Weapons
 C - the cursed +14 obsidian axe (weapon) {chop, +Fly SInv *Curse}
   (You found it in the Dungeon)

   It inflicts extra damage upon your enemies.
   It lets you see invisible.
   It lets you fly.
   It curses itself when equipped.
   It has a curse placed upon it.
Armour
 D - the +15 Maxwell's patent armour (worn) {-Cast -Tele rElec MR+ rCorr}
   (You found it in the Dungeon)

   It insulates you from electricity.
   It affects your resistance to hostile enchantments.
   It prevents spellcasting.
   It prevents most forms of teleportation.
   It protects you from acid and corrosion.
 E - the +18 shield of the Gong (worn) {rElec rN+ MR+ EV-5}
   (You found it in the Dungeon)

   It affects your evasion (-5).
   It insulates you from electricity.
   It protects you from negative energy.
   It affects your resistance to hostile enchantments.
 K - the +3 pair of gloves of the Solstice (worn) {*Slow rC+ rN+ Str+3}
   (You acquired it in the Dungeon)

   It affects your strength (+3).
   It protects you from cold.
   It protects you from negative energy.
   It may slow you when you take damage.
 L - a +1 cloak of magic resistance (worn)
Jewellery
 a - an uncursed ring of see invisible
 b - the amulet of Gagurhal (around neck) {rF+ rC+ Regen+ Dex+3}
   (You found it in the Dungeon)

   [amulet of regeneration]

   It affects your dexterity (+3).
   It protects you from fire.
   It protects you from cold.
   It increases your rate of regeneration.
 t - the ring of Lies (right hand) {rC+ Str+2 Int+4 Dex-2}
   (You found it in the Dungeon)

   [ring of strength]

   It affects your strength (+2).
   It affects your intelligence (+4).
   It affects your dexterity (-2).
   It protects you from cold.
 u - a ring of fire (left hand)
 F - an uncursed ring of protection from cold
 H - the ring of the Jester {Fire *Slow Str+4 Int+4 Slay+2}
   (You took it off a centaur in the Dungeon)

   [ring of fire]

   It enhances your fire magic.
   It affects your strength (+4).
   It affects your intelligence (+4).
   It affects your accuracy and damage with ranged weapons and melee attacks
   (+2).
   It protects you from fire.
   It makes you vulnerable to cold.
   It may slow you when you take damage.
Wands
 z - a wand of disintegration (7)
 A - a wand of iceblast (7)
 B - a wand of acid (7)
Scrolls
 i - 4 scrolls of blinking
 o - 8 scrolls of fog
 p - a scroll of holy word
 q - 5 scrolls of identify
 r - 5 scrolls of remove curse
 s - 2 scrolls of fear
 I - a scroll of brand weapon
Potions
 d - 10 potions of curing
 e - 21 potions of heal wounds
 f - 9 potions of haste
 g - 2 potions of magic
 h - 3 potions of berserk rage
 j - 2 potions of invisibility
 k - 4 potions of resistance
 l - a potion of experience
 m - 5 potions of agility
 n - 6 potions of might
Miscellaneous
 v - a box of beasts
 x - a phial of floods
 y - 6 phantom mirrors
 G - a lamp of fire
Comestibles
 c - 5 rations


   Skills:
 + Level 21.9 Fighting
 * Level 25.1 Axes
 + Level 21.8 Armour
 - Level 2.4 Dodging
 - Level 2.1 Stealth
 + Level 21.8 Shields


You had 15 spell levels left.
You didn't know any spells.

Dungeon Overview and Level Annotations

Branches:
Dungeon (1/1)

Altars:
Ashenzari
Cheibriados
Dithmenos
Elyvilon
Fedhas
Gozag
Hepliaklqana
Kikubaaqudgha
Makhleb
Nemelex Xobeh
Okawaru
Qazlal
Ru
Sif Muna
Trog
Uskayaw
Vehumet
Wu Jian
Xom
Yredelemnul
Zin
The Shining One
Beogh
Jiyva
Lugonu

Annotations:
D 1 transporter


Innate Abilities, Weirdness & Mutations

You are resistant to torment.
Your stone body is resilient. (AC +12)
You are immune to poison.
Your large and strong wings let you fly indefinitely.
You resist negative energy. (rN+)
You are resistant to electric shocks. (rElec)
You can survive without breathing.
You are immune to petrification.
You are immune to rotting.
You have a pair of small horns on your head.
You are frail. (-10% HP)


Message History

BONNNG!
Your hellwing hits the orc warrior! Your hellwing hits the orc warrior.
The orc high priest hits you but does no damage.
The rust devil completely misses you.
The chaos spawn gores you but does no damage.
You slice the rust devil!! You headbutt the rust devil!
The rust devil is almost dead.
You open the chaos spawn like a pillowcase!!!
You kill the chaos spawn!
The chaos spawn degenerates into a cloud of primal chaos!
You chop the orc knight into pieces!!! You slash the warg!
You kill the warg!
Trog accepts your kill.
You slash the two-headed ogre!
Visions of slaying the rust devil flood into your mind.
You block the orc knight's attack.
PANG!
The orc warrior hits your hellwing with a trident!
The two-headed ogre hits you with a giant club!!
You die...

▓▓▓▓▓▓▓▓▓▓▓▓▓▓▓
▓▓▓▓▓▓▓▓
......8©8......
▓......8
.:[.)}::):[}}).
▓..:}.)=
."|)::=).:.})|.
▓..:)))[
.)"||))|[?)"[}.
▓....)|"
.....44oo......
▓......)
.....oyooo§....
▓.....))
......o)Oo.....
▓......)
.....o§@o......
▓......)
......)4.......
▓......)
...............
▓.......
.......(.......
▓.......
...▓.......▓...
▓...▓... ..
▓▓.....▓▓ ..
.......
...▓.......▓...
.......
...............
.......
...............
▓▓▓▓▓▓▓


You could see 3 orc knights, an orc high priest, a two-headed ogre (berserk), a
moth of wrath, 2 rust devils, 2 orc sorcerers, 3 orc warriors, an orc wizard and
a friendly hellwing.

Vanquished Creatures
  A greater mummy (D)
  A deep elf blademaster (D)
  A deep elf master archer (D)
  An azure jelly (D)
  2 draconian monks (D)
  5 deep elf sorcerers (D)
  A draconian scorcher (D)
  3 orc warlords (D)
  A balrug (D)
  A draconian stormcaller (D)
  2 draconian annihilators (D)
  4 stone giants (D)
  An apis (D)
  A purple draconian (D)
  A white draconian (D)
  7 black draconians (D)
  A green draconian (D)
  A red draconian (D)
  A yellow draconian (D)
  A deep elf annihilator (D)
  3 death oozes (D)
  2 merfolk javelineers (D)
  A deep elf high priest (D)
  8 vault guards (D)
  2 mummy priests (D)
  A yaktaur captain (D)
  An anaconda (shapeshifter) (D)
  A centaur warrior (D)
  2 dancing weapons (D)
  A two-headed ogre (D)
  A merfolk aquamancer (D)
  A hell hog (D)
  A hell knight (D)
  4 orc high priests (D)
  A glowing orange brain (D)
  2 flayed ghosts (D)
  A sea snake (D)
  A harpy (D)
  5 orc knights (D)
  2 cyclopes (D)
  2 orc sorcerers (D)
  4 deep elf magi (D)
  3 ugly things (D)
  2 shining eyes (D)
  A moth of wrath (D)
  A merfolk siren (D)
  4 yaktaurs (D)
  A hellion (D)
  4 rime drakes (D)
  A guardian mummy (D)
  2 trolls (D)
  A meliai (shapeshifter) (D)
  3 merfolk (D)
  8 slime creatures (D)
  A snapping turtle (D)
  A flying skull (D)
  2 spriggans (D)
  A water elemental (D)
  An ushabti (D)
  A hog (shapeshifter) (D)
  4 wraiths (D)
  3 wyverns (D)
  A golden eye (D)
  2 fire elementals (D)
  2 neqoxecs (D)
  3 wargs (D)
  4 floating eyes (D)
  A hell hound (D)
  12 orc warriors (D)
  2 necrophages (D)
  3 phantoms (D)
  An eye of draining (D)
  2 black bears (D)
  5 ogres (D)
  An eye of draining (shapeshifter) (D)
  A centaur (D)
  An earth elemental (D)
  A gnoll shaman (D)
  3 jellies (D)
  2 orc wizards (D)
  5 mummies (D)
  2 oozes (D)
  2 adder zombies (D)
  7 adder skeletons (D)
  4 bat skeletons (D)
  2 bat zombies (D)
  A ball python skeleton (D)
  A bat simulacrum (D)
  2 giant cockroach zombies (D)
  A jackal skeleton (D)
  2 leopard gecko skeletons (D)
  A quokka skeleton (D)
  2 quokka zombies (D)
208 creatures vanquished.

Vanquished Creatures (collateral kills)
  A deep elf blademaster (D)
  A daeva (D)
  A deep elf sorcerer (D)
  An orc warlord (D)
  A draconian scorcher (D)
  2 draconian shifters (D)
  An angel (D)
  An ophan (D)
  A stone giant (D)
  2 green draconians (D)
  A black draconian (D)
  A red draconian (D)
  5 merfolk javelineers (D)
  An ettin (shapeshifter) (D)
  A mummy priest (D)
  2 merfolk impalers (D)
  A great orb of eyes (D)
  A vault guard (D)
  4 merfolk aquamancers (D)
  2 dancing weapons (D)
  2 cherubim (D)
  A glowing orange brain (D)
  3 deep elf archers (D)
  A harpy (D)
  A wolf spider (shapeshifter) (D)
  An orc knight (D)
  2 manticores (D)
  A moth of wrath (D)
  2 deep elf magi (D)
  A shining eye (D)
  A cyclops (D)
  A water nymph (D)
  3 merfolk sirens (D)
  2 guardian mummies (D)
  A merfolk (D)
  A wind drake (D)
  2 slime creatures (D)
  A snapping turtle (D)
  An air elemental (D)
  An ushabti (D)
  2 neqoxecs (D)
  2 acid dragons (D)
  2 hell hounds (D)
  An eye of draining (D)
  3 centaurs (D)
  A crimson imp (D)
  An orc priest (D)
  3 jellies (D)
  A white imp (D)
  3 oozes (D)
  An adder skeleton (D)
  A bat zombie (D)
  A jackal skeleton (D)
82 creatures vanquished.

Vanquished Creatures (others)
  A bat skeleton (D)
1 creature vanquished.

Grand Total: 291 creatures vanquished

Notes
Turn   | Place    | Note
-------+----------+-------------------------------------------
     0 | D        | Found the +6 Majin-Bo {vamp, Archmagi MP+6 Int+6}
     0 | D        | Found the +7 great mace "Firestarter" {inner flame, rF++}
     0 | D        | sanboga the Gargoyle Monk began the quest for the Orb.
     0 | D        | Reached XP level 1. HP: 14/14 MP: 1/1
     0 | D        | Found a deep blue altar of Sif Muna.
     0 | D        | Found a bloodstained altar of Trog.
     0 | D        | Found a sacrificial altar of Ru.
     0 | D        | Found a stormy altar of Qazlal.
     0 | D        | Found an iron altar of Okawaru.
     1 | D        | Found a sparkling altar of Nemelex Xobeh.
     1 | D        | Found a blossoming altar of Fedhas.
     3 | D        | Found a transporter.
     3 | D        | Found an ancient bone altar of Kikubaaqudgha.
     3 | D        | Found a viscous altar of Jiyva.
     3 | D        | Found a corrupted altar of Lugonu.
     3 | D        | Found a hazy altar of Hepliaklqana.
     3 | D        | Found a burning altar of Makhleb.
     3 | D        | Found an opulent altar of Gozag.
    23 | D        | Became a worshipper of Trog the Wrathful
    23 | D        | Reached * piety under Trog
    23 | D        | Reached ** piety under Trog
    37 | D        | Found the +9 heavy crossbow "Sniper" {velocity, Acc+∞ SInv}
    37 | D        | Found the +10 dark maul {crush}
    37 | D        | Found the +15 Maxwell's patent armour {-Cast -Tele rElec MR+ rCorr}
    37 | D        | Found the +18 shield of the Gong {rElec rN+ MR+ EV-5}
    37 | D        | Found the cursed +14 obsidian axe {chop, +Fly SInv *Curse}
    81 | D        | Entered arena 2.
    81 | D        | Noticed a merfolk
    81 | D        | Noticed a merfolk
    81 | D        | Found a transporter.
    87 | D        | Killed a merfolk
    87 | D        | Reached skill level 7 in Axes
    87 | D        | Reached skill level 5 in Armour
    87 | D        | Reached skill level 5 in Shields
    87 | D        | Reached XP level 2. HP: 23/23 MP: 2/2
    87 | D        | Reached XP level 3. HP: 28/28 MP: 3/3
    87 | D        | Reached XP level 4. HP: 32/32 MP: 4/4
    87 | D        | Reached XP level 5. HP: 37/37 MP: 5/5
    88 | D        | Killed a merfolk
    88 | D        | Reached skill level 8 in Axes
    88 | D        | Reached XP level 6. HP: 44/44 MP: 6/6
   127 | D        | Entered arena 3.
   127 | D        | Found a transporter.
   133 | D        | Reached *** piety under Trog
   147 | D        | Entered arena 4.
   147 | D        | Noticed a slime creature
   147 | D        | Noticed an eye of draining
   147 | D        | Noticed a floating eye
   147 | D        | Found a transporter.
   148 | D        | Paralysed by a floating eye for 2 turns
   150 | D        | Killed a floating eye
   150 | D        | Reached skill level 9 in Axes
   150 | D        | Reached XP level 7. HP: 49/49 MP: 1/7
   152 | D        | Killed a slime creature
   152 | D        | Reached **** piety under Trog
   154 | D        | Reached skill level 10 in Axes
   158 | D        | Got the amulet of Gagurhal {rF+ rC+ Regen+ Dex+3}
   161 | D        | Got the ring of Lies {rC+ Str+2 Int+4 Dex-2}
   264 | D        | Entered arena 5.
   264 | D        | Noticed a spriggan
   264 | D        | Noticed a spriggan
   264 | D        | Found a transporter.
   269 | D        | Killed a spriggan
   269 | D        | Reached XP level 8. HP: 56/56 MP: 8/8
   270 | D        | Killed a spriggan
   270 | D        | Reached ***** piety under Trog
   270 | D        | Reached skill level 11 in Axes
   278 | D        | Entered arena 6.
   278 | D        | Found a transporter.
   286 | D        | Received a gift from Trog
   294 | D        | Reached skill level 10 in Fighting
   305 | D        | Entered arena 7.
   305 | D        | Noticed a shining eye
   306 | D        | Found a transporter.
   309 | D        | Reached XP level 9. HP: 62/62 MP: 9/9
   310 | D        | Killed a shining eye
   310 | D        | Reached skill level 12 in Axes
   310 | D        | Reached skill level 10 in Armour
   310 | D        | Reached skill level 10 in Shields
   310 | D        | Received a gift from Trog
   310 | D        | Noticed a rust devil
   327 | D        | Entered arena 8.
   327 | D        | Noticed a guardian mummy
   327 | D        | Noticed a guardian mummy
   327 | D        | Noticed a guardian mummy
   329 | D        | Received a gift from Trog
   336 | D        | Killed a guardian mummy
   340 | D        | Killed a guardian mummy
   347 | D        | Found a transporter.
   348 | D        | Killed a guardian mummy
   392 | D        | Reached ****** piety under Trog
   392 | D        | Received a gift from Trog
   399 | D        | Entered arena 9.
   399 | D        | Noticed a shining eye
   400 | D        | Found the amulet of Vitality {Regen+ HP+15}
   400 | D        | Found a transporter.
   406 | D        | Reached skill level 13 in Axes
   407 | D        | Killed a shining eye
   407 | D        | Received a gift from Trog
   407 | D        | Reached XP level 10. HP: 71/71 MP: 0/10
   486 | D        | Entered arena 10.
   491 | D        | Received a gift from Trog
   497 | D        | Found a transporter.
   529 | D        | Entered arena 11.
   530 | D        | Found a transporter.
   532 | D        | Received a gift from Trog
   535 | D        | Reached skill level 14 in Axes
   535 | D        | Received a gift from Trog
   551 | D        | Entered arena 12.
   551 | D        | Noticed a merfolk javelineer
   551 | D        | Noticed a merfolk javelineer
   551 | D        | Noticed a merfolk aquamancer
   551 | D        | Noticed a merfolk aquamancer
   551 | D        | Noticed a manticore
   551 | D        | Noticed a merfolk aquamancer
   552 | D        | Noticed a manticore
   553 | D        | Noticed a merfolk aquamancer
   554 | D        | Noticed a harpy
   557 | D        | Noticed a merfolk siren
   558 | D        | Killed a harpy
   558 | D        | Killed a merfolk aquamancer
   558 | D        | Received a gift from Trog
   558 | D        | Killed a manticore
   559 | D        | Killed a merfolk aquamancer
   561 | D        | Killed a manticore
   561 | D        | Reached XP level 11. HP: 62/77 MP: 11/11
   562 | D        | Killed a merfolk aquamancer
   562 | D        | Reached skill level 15 in Axes
   563 | D        | Killed a merfolk javelineer
   563 | D        | Received a gift from Trog
   564 | D        | Killed a merfolk aquamancer
   565 | D        | Found a transporter.
   566 | D        | Killed a merfolk javelineer
   633 | D        | Received a gift from Trog
   644 | D        | Entered arena 13.
   644 | D        | Noticed a vault guard
   644 | D        | Noticed a vault guard
   644 | D        | Noticed a vault guard
   644 | D        | Noticed a stone giant
   644 | D        | Noticed a vault guard
   645 | D        | Noticed a vault guard
   645 | D        | Noticed a vault guard
   645 | D        | Noticed a vault guard
   645 | D        | Noticed a vault guard
   645 | D        | Noticed a vault guard
   646 | D        | Found a transporter.
   652 | D        | Killed a vault guard
   652 | D        | Received a gift from Trog
   653 | D        | Killed a vault guard
   653 | D        | Killed a vault guard
   653 | D        | Reached skill level 16 in Axes
   653 | D        | Killed a vault guard
   654 | D        | Killed a stone giant
   656 | D        | Killed a vault guard
   658 | D        | Killed a vault guard
   658 | D        | Reached XP level 12. HP: 86/86 MP: 12/12
   659 | D        | Killed a vault guard
   663 | D        | Killed a vault guard
   663 | D        | Reached skill level 17 in Axes
   664 | D        | Killed a vault guard
   664 | D        | Received a gift from Trog
   664 | D        | Reached skill level 15 in Fighting
   708 | D        | Entered arena 14.
   709 | D        | Noticed a mummy priest
   709 | D        | Noticed a mummy priest
   710 | D        | Noticed a mummy priest
   710 | D        | Noticed a greater mummy
   713 | D        | Noticed a jiangshi
   714 | D        | Found a transporter.
   717 | D        | Killed a mummy priest
   718 | D        | Noticed a soul eater
   719 | D        | Received a gift from Trog
   720 | D        | Killed a mummy priest
   726 | D        | Killed a mummy priest
   726 | D        | Reached skill level 15 in Armour
   726 | D        | Reached skill level 15 in Shields
   733 | D        | Killed a greater mummy
   733 | D        | Received a gift from Trog
   733 | D        | Reached skill level 18 in Axes
   733 | D        | Noticed a reaper
   855 | D        | Entered arena 15.
   856 | D        | Noticed a centaur warrior
   857 | D        | Noticed a yaktaur captain
   858 | D        | Noticed a merfolk javelineer
   860 | D        | Found a transporter.
   864 | D        | Received a gift from Trog
   870 | D        | Killed a yaktaur captain
   870 | D        | Received a gift from Trog
   870 | D        | Reached XP level 13. HP: 53/93 MP: 13/13
   874 | D        | Killed a merfolk javelineer
   877 | D        | Got the ring of the Jester {Fire *Slow Str+4 Int+4 Slay+2}
   967 | D        | Entered arena 16.
   968 | D        | Gained mutation: Your body sometimes deteriorates upon taking damage. [a neqoxec]
   974 | D        | Found a transporter.
   976 | D        | Received a gift from Trog
   976 | D        | Reached skill level 19 in Axes
   977 | D        | Received a gift from Trog
   977 | D        | Lost mutation: Your body sometimes deteriorates upon taking damage. [a neqoxec]
   982 | D        | Gained mutation: You have a pair of small horns on your head. [a neqoxec]
   984 | D        | Received a gift from Trog
   987 | D        | Noticed an ettin
   987 | D        | a cyclops changed into an ettin
   988 | D        | Gained mutation: You are frail. (-10% HP) [a neqoxec]
   993 | D        | Killed an ettin
  1022 | D        | Received a gift from Trog
  1029 | D        | Entered arena 17.
  1033 | D        | Noticed an apis
  1033 | D        | Noticed an ophan
  1033 | D        | Noticed a daeva
  1033 | D        | Noticed an angel
  1039 | D        | Killed an angel
  1040 | D        | Killed an apis
  1040 | D        | Killed an ophan
  1047 | D        | Killed a daeva
  1083 | D        | Found a transporter.
  1103 | D        | Received a gift from Trog
  1104 | D        | Entered arena 18.
  1111 | D        | Noticed a merfolk impaler
  1111 | D        | Noticed a merfolk javelineer
  1112 | D        | Noticed a merfolk impaler
  1113 | D        | Noticed a merfolk javelineer
  1113 | D        | Noticed a merfolk javelineer
  1113 | D        | Noticed a merfolk javelineer
  1116 | D        | Killed a merfolk impaler
  1119 | D        | Killed a merfolk javelineer
  1121 | D        | Killed a merfolk impaler
  1122 | D        | Killed a merfolk javelineer
  1122 | D        | Reached skill level 20 in Axes
  1127 | D        | Killed a merfolk javelineer
  1127 | D        | Killed a merfolk javelineer
  1128 | D        | Received a gift from Trog
  1131 | D        | Found a transporter.
  1141 | D        | Received a gift from Trog
  1162 | D        | Entered arena 19.
  1166 | D        | Noticed a death ooze
  1166 | D        | Noticed a death ooze
  1166 | D        | Noticed a death ooze
  1167 | D        | Noticed an azure jelly
  1167 | D        | Noticed a great orb of eyes
  1168 | D        | Found a transporter.
  1171 | D        | Killed a death ooze
  1171 | D        | Killed a death ooze
  1171 | D        | Received a gift from Trog
  1171 | D        | Gained mutation: Your large and strong wings let you fly indefinitely. [Gargoyle growth]
  1171 | D        | Reached XP level 14. HP: 89/92 MP: 14/14
  1175 | D        | Killed an azure jelly
  1178 | D        | Received a gift from Trog
  1186 | D        | Received a gift from Trog
  1200 | D        | Received a gift from Trog
  1205 | D        | Entered arena 20.
  1210 | D        | Noticed a stone giant
  1210 | D        | Noticed an orc warlord
  1212 | D        | Found a transporter.
  1219 | D        | Reached skill level 21 in Axes
  1222 | D        | Killed an orc warlord
  1225 | D        | Received a gift from Trog
  1230 | D        | Killed a stone giant
  1235 | D        | Received a gift from Trog
  1236 | D        | Received a gift from Trog
  1348 | D        | Received a gift from Trog
  1367 | D        | Entered arena 21.
  1371 | D        | Noticed a red draconian
  1371 | D        | Noticed a red draconian stormcaller
  1371 | D        | Noticed a red draconian
  1371 | D        | Noticed a black draconian
  1372 | D        | Noticed a green draconian
  1372 | D        | Noticed a white draconian monk
  1372 | D        | Noticed a black draconian scorcher
  1372 | D        | Noticed a green draconian
  1372 | D        | Noticed a black draconian
  1372 | D        | Noticed a black draconian
  1372 | D        | Noticed a black draconian
  1372 | D        | Noticed a green draconian shifter
  1372 | D        | Noticed a black draconian
  1372 | D        | Noticed a yellow draconian annihilator
  1372 | D        | Noticed a purple draconian
  1372 | D        | Noticed a black draconian annihilator
  1372 | D        | Noticed a black draconian
  1373 | D        | Found the +8 longbow "Zephyr" {speed, Dex+3 SInv}
  1373 | D        | Noticed a black draconian
  1373 | D        | Noticed a white draconian
  1373 | D        | Noticed a purple draconian scorcher
  1373 | D        | Noticed a yellow draconian
  1373 | D        | Noticed a red draconian monk
  1373 | D        | Noticed a black draconian
  1373 | D        | Noticed a green draconian
  1373 | D        | Noticed a purple draconian shifter
  1379 | D        | Killed a red draconian
  1383 | D        | Killed a yellow draconian annihilator
  1384 | D        | Found a transporter.
  1386 | D        | Killed a red draconian
  1387 | D        | Killed a black draconian
  1387 | D        | Killed a green draconian
  1388 | D        | Killed a red draconian monk
  1388 | D        | Received a gift from Trog
  1388 | D        | Killed a white draconian monk
  1390 | D        | Killed a black draconian
  1390 | D        | Reached skill level 22 in Axes
  1392 | D        | Killed a purple draconian
  1392 | D        | Killed a green draconian
  1393 | D        | Killed a black draconian scorcher
  1393 | D        | Killed a green draconian shifter
  1393 | D        | Killed a purple draconian scorcher
  1393 | D        | Received a gift from Trog
  1394 | D        | Killed a red draconian stormcaller
  1394 | D        | Killed a white draconian
  1394 | D        | Reached XP level 15. HP: 88/100 MP: 15/15
  1396 | D        | Received a gift from Trog
  1405 | D        | Killed a purple draconian shifter
  1405 | D        | Received a gift from Trog
  1408 | D        | Reached skill level 23 in Axes
  1524 | D        | Received a gift from Trog
  1534 | D        | Entered arena 22.
  1538 | D        | Noticed a deep elf blademaster
  1538 | D        | Noticed a deep elf sorcerer
  1539 | D        | Noticed a deep elf sorcerer
  1539 | D        | Noticed a deep elf master archer
  1539 | D        | Noticed a deep elf blademaster
  1539 | D        | Noticed a deep elf sorcerer
  1539 | D        | Noticed a deep elf sorcerer
  1540 | D        | Noticed a deep elf sorcerer
  1540 | D        | Noticed a deep elf sorcerer
  1541 | D        | Found a transporter.
  1546 | D        | Killed a deep elf blademaster
  1546 | D        | Killed a deep elf sorcerer
  1546 | D        | Killed a deep elf blademaster
  1546 | D        | Received a gift from Trog
  1550 | D        | Killed a deep elf sorcerer
  1550 | D        | Killed a deep elf sorcerer
  1550 | D        | Received a gift from Trog
  1550 | D        | Identified the +6 flail of Lies {crush, *Corrode +Rage rPois Stlth+}
  1554 | D        | Killed a deep elf sorcerer
  1557 | D        | Killed a deep elf master archer
  1558 | D        | Received a gift from Trog
  1560 | D        | Killed a deep elf sorcerer
  1560 | D        | Received a gift from Trog
  1565 | D        | Killed a deep elf sorcerer
  1565 | D        | Reached skill level 24 in Axes
  1567 | D        | Received a gift from Trog
  1578 | D        | Received a gift from Trog
  1721 | D        | Entered arena 23.
  1730 | D        | Noticed a balrug
  1734 | D        | Received a gift from Trog
  1740 | D        | Received a gift from Trog
  1744 | D        | Received a gift from Trog
  1747 | D        | Received a gift from Trog
  1748 | D        | Killed a balrug
  1810 | D        | Found a transporter.
  1832 | D        | Received a gift from Trog
  1834 | D        | Got a pair of faintly humming gloves
  1840 | D        | Identified the +3 pair of gloves of the Solstice {*Slow rC+ rN+ Str+3} (You acquired it in the Dungeon)
  1844 | D        | Entered arena 24.
  1850 | D        | Noticed an orc warlord
  1850 | D        | Noticed an orc warlord
  1851 | D        | Found the +3 sling "Punk" {acid, rCorr}
  1851 | D        | Noticed an orc warlord
  1853 | D        | Found a transporter.
  1858 | D        | Received a gift from Trog
  1861 | D        | Reached XP level 16. HP: 87/108 MP: 16/16
  1865 | D        | Received a gift from Trog
  1871 | D        | Received a gift from Trog
  1871 | D        | Reached skill level 25 in Axes
  1877 | D        | Received a gift from Trog
  1880 | D        | Slain by a two-headed ogre

Skill      XL: |  1  2  3  4  5  6  7  8  9 10 11 12 13 14 15 16 |
---------------+-------------------------------------------------+-----
Fighting       | 6 7 8 9 10 11 12 14 16 17 19 21 | 21.9
Axes           | 7 8 9 10 11 13 14 16 18 20 22 24 25 | 25.1
Armour         | 5 6 7 8 9 11 12 14 15 17 19 21 | 21.8
Shields        | 5 6 7 8 9 11 12 14 15 17 19 21 | 21.8
Dodging        | |  2.4
Stealth        | |  2.1

Action                   |  1- 3 |  4- 6 |  7- 9 | 10-12 | 13-15 | 16-18 || total
-------------------------+-------+-------+-------+-------+-------+-------++-------
Melee: Broad axe         |     3 |     2 |    34 |    56 |   160 |    19 ||   274
       Headbutt          |       |       |       |       |    41 |     5 ||    46
Invok: Berserk           |     1 |       |       |     4 |     6 |       ||    11
       Burn Spellbooks   |       |       |     2 |     5 |     7 |       ||    14
       Brothers in Arms  |       |       |       |     6 |    14 |       ||    20
  Use: Scroll            |       |       |       |       |     1 |       ||     1
 Stab: Distracted        |       |       |     1 |     1 |     4 |     1 ||     7
  Eat: Chunk             |       |       |       |     4 |     3 |       ||     7
       Ration            |       |       |       |     1 |     3 |       ||     4
Armor: Plate armour      |     3 |     1 |     7 |    48 |    86 |    11 ||   156
Dodge: Dodged            |       |       |     4 |     7 |    13 |     3 ||    27
Block: Shield            |     9 |     1 |    25 |   103 |   286 |    55 ||   479
